 Dungeon Crawl Stone Soup version 0.28.0-43-g3370ac3207 (webtiles) character file.

Game seed: 3279794414391530641

4302 pkoi the Arsonist (level 10, -12/56 HPs)
             Began as an Octopode Fire Elementalist on Mar 17, 2022.
             Was a Follower of Sif Muna.
             Mangled by a troll (17 damage)
             ... on level 9 of the Dungeon.
             The game lasted 00:18:07 (18778 turns).

pkoi the Arsonist (Octopode Fire Elementalist)     Turns: 18778, Time: 00:18:07

Health: -12/56     AC:  1    Str: 21    XL:     10   Next: 32%
Magic:  6/18       EV: 13    Int: 21    God:    Sif Muna [*.....]
Gold:   414        SH:  0    Dex: 12    Spells: 7/20 levels left

rFire   . . .      SeeInvis +   k - +1 dagger (venom)
rCold   . . .      Faith    .   (no shield)
rNeg    . . .      Spirit   .   (helmet restricted)
rPois   +          Reflect  .   (no amulet)
rElec   .          Harm     .   d - +6 ring of strength
rCorr   .          Rampage  .   j - +6 ring of strength
Will    .....                   p - ring of see invisible
Stlth   +++.......              E - ring of poison resistance
HPRegen 0.18/turn               (no ring)
MPRegen 0.16/turn               (no ring)
                                (no ring)
                                (no ring)

@: no status effects
A: almost no armour, amphibious, 8 rings, camouflage 1, gelatinous body 1,
(nimble swimmer 1), tentacles
a: Renounce Religion, Channel Magic


You were on level 9 of the Dungeon.
You worshipped Sif Muna.
Sif Muna was aware of your devotion.
You visited 2 branches of the dungeon, and saw 10 of its levels.
You also visited: Sewer.

You collected 414 gold pieces.

Inventory:

Hand Weapons
 a - a +0 short sword of freezing
 b - a +0 dagger of venom
 k - a +1 dagger of venom (weapon)
 r - a +0 short sword of draining
 z - a +0 rapier of speed
Missiles
 G - 3 curare-tipped darts
Jewellery
 d - a +6 ring of strength (left tentacle)
 j - a +6 ring of strength (right tentacle)
 p - a ring of see invisible (on tentacle)
 E - a ring of poison resistance (on tentacle)
Wands
 f - a wand of flame (18)
 i - a wand of iceblast (11)
 m - a wand of paralysis (7)
 C - a wand of acid (2)
 H - a wand of polymorph (5)
Scrolls
 e - 4 scrolls of enchant weapon
 n - a scroll of fear
 q - a scroll of magic mapping
 x - 3 scrolls of teleportation
 y - 2 scrolls of enchant armour
Potions
 c - a potion of experience {unknown}
 g - 3 potions of heal wounds
 h - a potion of mutation
 l - 6 potions of flight
 o - a potion of brilliance
 s - a potion of ambrosia
 t - 5 potions of curing
 u - a potion of resistance
 v - 2 potions of might
 w - a potion of berserk rage
 A - 2 potions of haste
 B - 2 potions of lignification
 D - a potion of cancellation {unknown}
 F - a potion of invisibility {unknown}


   Skills:
 - Level 2.0 Dodging
 - Level 2.6 Stealth
 + Level 5.8 Spellcasting
 * Level 8.6 Conjurations
 + Level 5.6 Hexes
 * Level 9.1 Fire Magic


You had 7 spell levels left.
You knew the following spells:

 Your Spells              Type           Power      Damage    Failure   Level
a - Foxfire               Conj/Fire      100%       2x1d9     1%          1
b - Scorch                Fire           88%        2d9       1%          2
c - Inner Flame           Hex/Fire       37%        N/A       1%          3
d - Conjure Flame         Conj/Fire      43%        6-21      1%          3
e - Flame Wave            Conj/Fire      43%        2d9       2%          4

Your spell library contained the following spells:

 Spells                   Type           Power      Damage    Failure   Level
 Animate Skeleton         Necr           12%        N/A       10%         1
 Apportation              Tloc           12%        N/A       10%         1
 Summon Small Mammal      Summ           24%        N/A       10%         1
 Animate Dead             Necr           3%         N/A       69%         4
 Borgnjor's Vile Clutch   Necr/Erth      3%         N/A       95%         5
 Death Channel            Necr           3%         N/A       100%        6


Dungeon Overview and Level Annotations

Branches:
Dungeon (9/15)             Temple (1/1) D:7            Lair (0/6) D:8
  Sewer (visited)
    Orc: D:9-12

Altars:
Ashenzari
Cheibriados
Dithmenos
Elyvilon
Fedhas
Gozag
Hepliaklqana
Kikubaaqudgha
Makhleb
Nemelex Xobeh
Okawaru
Qazlal
Ru
Sif Muna
Trog
Uskayaw
Vehumet
Wu Jian
Xom
Yredelemnul
Zin
The Shining One

Shops:
D:3 :   D:7 :   D:8 *

Annotations:
D:4 1 runed translucent door, GilGalad's ghost, amateur DEIE
D:8 exclusion: 2 doors


Innate Abilities, Weirdness & Mutations

You cannot wear most types of armour.
You are amphibious.
You can wear up to eight rings at the same time.
Your skin changes colour to match your surroundings (Stealth+).
Your rubbery body absorbs attacks. (AC +1, EV +1)
((You are camouflaged when in or above water. (Stealth+)))
You have tentacles for arms and can constrict up to eight enemies at once.


Message History

Aim: an orc warrior, wielding a +0 flail, wearing a +0 chain mail and quivering boomerangs (chance to affect: 88%)
The orc warrior is filled with an inner flame.
Casting: Inner Flame (safe; 1% risk of failure)
Confirm with . or Enter, or press ? or * to list all spells.
Flames lash the orc warrior.
Flame seeps out of the orc warrior.
The orc warrior is lightly wounded.
The orc warrior's fire resistance burns away.
A troll comes into view.
The orc warrior is engulfed in blazing flames.
Flame seeps out of the orc warrior.
Casting: Scorch (safe; 1% risk of failure)
Confirm with . or Enter, or press ? or * to list all spells.
Flames lash the troll.
The troll is lightly wounded.
The troll's fire resistance burns away.
The troll barely misses you. The troll claws you! The troll barely misses you.
Unknown command.
Casting: Scorch (safe; 1% risk of failure)
Confirm with . or Enter, or press ? or * to list all spells.
Flames lash the troll.
The troll is burned terribly!
The troll is moderately wounded.
The troll misses you. The troll claws you!
* * * LOW HITPOINT WARNING * * *
The troll claws you!
* * * LOW HITPOINT WARNING * * *
Casting: Scorch (safe; 1% risk of failure)
Confirm with . or Enter, or press ? or * to list all spells.
Flames lash the troll.
The troll is burned terribly!
The troll is severely wounded.
The orc warrior is no longer more vulnerable to fire.
The troll misses you. The troll claws you!
* * * LOW HITPOINT WARNING * * *
The troll claws you.
* * * LOW HITPOINT WARNING * * *
Casting: Scorch (safe; 1% risk of failure)
Confirm with . or Enter, or press ? or * to list all spells.
Flames lash the troll.
The troll is burned terribly!
The troll is almost dead.
The troll bites you!
You die...

#.# #.# #.##
######..####.#
#.............
#.###.########
###
####.###..##).
##.##
.....##.##.#
#.#####.#.#
##...###)#.#
#T@.#.####
#.#.#.###.#
#.###.##
#.#.##...##..
##.##
##.#.###.####
###.###
.....##...#
#.....#
.....##8.8##
#.#.#.#
...#.#.^รท..#
#.#.#.#
##.#.##8.8## #
#.#.#
##.#.##...#
#.#.#


You could see a troll (combustible).

Vanquished Creatures
  Pikel (D:6)
  A hornet (D:8)
  Sigmund (D:2)
  A wraith (D:6)
  A wyvern (D:9)
  3 water moccasins (D:7)
  4 black bears
  A hornet zombie (D:8)
  2 orc warriors
  An ice beast (D:8)
  A necrophage (D:4)
  3 ogres
  2 centaurs
  A phantom (D:5)
  2 bullfrogs
  A gnoll sergeant (D:8)
  A wyvern zombie (D:6)
  A scorpion (D:6)
  2 water moccasin zombies
  2 killer bees (D:9)
  A wight (D:9)
  A howler monkey (D:7)
  2 bullfrog zombies
  3 hounds
  2 orc priests
  A gnoll shaman (D:7)
  Jessica (D:2)
  4 iguanas
  2 orc wizards
  A killer bee zombie (D:7)
  A hound zombie (D:5)
  Robin (D:2)
  4 howler monkey skeletons
  A howler monkey zombie (D:9)
  17 adders
  15 gnolls
  6 river rats (Sewer)
  A white imp (D:8)
  An ufetubus (D:5)
  5 worms
  4 dart slugs
  16 orcs
  18 ball pythons
  13 bats
  9 endoplasms
  7 giant cockroaches
  18 goblins
  9 hobgoblins
  4 jackals
  9 kobolds
  4 quokkas
  6 frilled lizards
  5 rats
224 creatures vanquished.

Vanquished Creatures (collateral kills)
  8 foxfires (D:2)
8 creatures vanquished.

Vanquished Creatures (others)
  622 foxfires
  A plant (D:2)
623 creatures vanquished.

Grand Total: 855 creatures vanquished

Notes
Turn   | Place    | Note
-------+----------+-------------------------------------------
     0 | D:1      | pkoi the Octopode Fire Elementalist began the quest for the
                  | Orb.
     0 | D:1      | Reached XP level 1. HP: 11/11 MP: 3/3
   479 | D:1      | Reached XP level 2. HP: 17/17 MP: 0/5
  1454 | D:1      | Reached XP level 3. HP: 18/21 MP: 3/6
  2291 | D:2      | Noticed Jessica
  2297 | D:2      | Learned a level 2 spell: Scorch
  2301 | D:2      | Learned a level 3 spell: Inner Flame
  2308 | D:2      | Killed Jessica
  2309 | D:2      | Reached XP level 4. HP: 27/27 MP: 2/7
  2311 | D:2      | Noticed Sigmund
  2478 | D:2      | Killed Sigmund
  2479 | D:2      | Reached skill level 1 in Hexes
  2479 | D:2      | Reached skill level 4 in Fire Magic
  2479 | D:2      | Reached XP level 5. HP: 31/31 MP: 0/9
  2781 | D:2      | Noticed Robin
  2788 | D:2      | Killed Robin
  2789 | D:2      | Reached XP level 6. HP: 36/36 MP: 3/10
  3328 | D:2      | You fall into a shaft and drop 2 floors!
  3362 | D:3      | Found Foitepuf's Book Shoppe.
  3659 | D:2      | Learned a level 3 spell: Conjure Flame
  5306 | D:3      | Found a faded altar of an unknown god.
  6137 | D:4      | Reached skill level 5 in Fire Magic
  6426 | D:4      | Reached XP level 7. HP: 41/41 MP: 4/11
  6724 | D:4      | Noticed GilGalad's ghost (amateur DEIE)
  6728 | D:4      | Found a runed translucent door.
  8826 | D:5      | Entered Level 5 of the Dungeon
  8929 | D:5      | Reached skill level 5 in Conjurations
  8929 | D:5      | Reached XP level 8. HP: 46/46 MP: 8/13
  9064 | D:5      | Reached skill level 6 in Fire Magic
 10561 | D:6      | Noticed a wraith
 10687 | D:6      | Found a glowing drain.
 10691 | Sewer    | Entered a sewer
 12154 | D:6      | Reached skill level 7 in Fire Magic
 12197 | D:6      | Noticed Pikel
 12227 | D:6      | Killed Pikel
 12228 | D:6      | Reached XP level 9. HP: 28/51 MP: 7/16
 13498 | D:6      | Reached skill level 5 in Spellcasting
 13785 | D:6      | Reached skill level 8 in Fire Magic
 14622 | D:7      | Found a staircase to the Ecumenical Temple.
 14683 | Temple   | Entered the Ecumenical Temple
 14839 | Temple   | Became a worshipper of Sif Muna the Loreminder
 14946 | D:7      | Found Jelex's Book Emporium.
 15428 | D:7      | Reached skill level 5 in Hexes
 16549 | D:7      | Reached XP level 10. HP: 50/56 MP: 11/18
 17449 | D:8      | Found Irerph's Assorted Antiques.
 17615 | D:8      | Found a hide-covered altar of Uskayaw.
 17619 | D:8      | Reached skill level 9 in Fire Magic
 17797 | D:8      | Found a stormy altar of Qazlal.
 17888 | D:8      | Learned a level 4 spell: Flame Wave
 17897 | D:8      | Found a staircase to the Lair.
 18440 | D:9      | Reached * piety under Sif Muna
 18778 | D:9      | Mangled by a troll

Illustrated notes

Levels and vault maps discovered:
D:1:      mrwooster_arrival_statue, layout_basic, wad_floor_pattern_untrapped,
          minivault_25
D:2:      layout_basic, nrook_mini_backslash, serial_bayou_pond_a, uniq_robin,
          uniq_sigmund, uniq_jessica
D:3:      layout_basic, serial_shops, shop,
          hellmonk_ecumenical_altar_prayer_group, corner_web_ring
D:4:      minmay_recursive_quarters, layout_loops_ring,
          hellmonk_ghost_happy_afterlife, hangedman_decor_push,
          minmay_snake_closets
D:5:      layout_basic, minmay_quadrilaterals
D:6:      layout_basic, gup_sewer_entry_spiral, uniq_pikel
D:7:      layout_loops_corners, minmay_temple_entry_grid, serial_shops, shop,
          grunt_tough_drop
D:8:      minmay_polygon_palace, layout_basic,
          mainiacjoe_overflow_catwalk_spiral, lair_entry_dummy, serial_shops,
          shop, nicolae_underground_beach
D:9:      minmay_the_grid_square_5x5_3x3
          [minmay_the_grid_square_5x5_spiral_small,
          minmay_the_grid_square_5x5_fancy_junction,
          minmay_the_grid_square_5x5_trominoes, minmay_the_grid_square_5x5_comb,
          minmay_the_grid_square_5x5_megaprize_hollow,
          minmay_the_grid_square_5x5_detours,
          minmay_the_grid_square_5x5_minimal, minmay_the_grid_square_5x5_three,
          minmay_the_grid_square_5x5_lines], layout_basic, serial_shops, shop,
          uniq_psyche
Temple:   regret_index_temple_chain_breaker

Skill      XL: |  1  2  3  4  5  6  7  8  9 10 |
---------------+-------------------------------+-----
Conjurations   | 2 3 4 5 6 8 |  8.6
Hexes          | 1 2 3 4 5 |  5.6
Fire Magic     | 4 5 7 8 9 |  9.1
Spellcasting   | 3 4 5 |  5.8
Dodging        | |  2.0
Stealth        | |  2.6

Action                   |  1- 3 |  4- 6 |  7- 9 | 10-12 || total
-------------------------+-------+-------+-------+-------++-------
Melee: Dagger            |     4 |    19 |    33 |     3 ||    59
       Tentacles         |     1 |     4 |    12 |     1 ||    18
       Constrict         |       |     6 |     9 |     2 ||    17
       Punch             |       |       |       |     1 ||     1
 Cast: Foxfire           |    54 |   154 |   166 |       ||   374
       Scorch            |       |     4 |   112 |    44 ||   160
       Inner Flame       |       |     1 |     8 |     6 ||    15
Evoke: Wand              |       |     2 |       |       ||     2
  Use: Scroll            |       |    10 |    11 |       ||    21
       Potion            |       |       |     1 |       ||     1
 Stab: Sleeping          |     3 |     2 |     5 |       ||    10
       Paralysed         |       |     2 |       |       ||     2
Armor: Skin              |     2 |       |     4 |     1 ||     7
Dodge: Dodged            |     3 |    12 |    65 |    14 ||    94
